 Dungeon Crawl Stone Soup version 0.32-a0-560-g4c7f4391e0 (webtiles) character file.

Game seed: 3942933768877354137

1624815 mdonais the Archmage (level 27, 172/172 HPs)
             Began as an Octopode Alchemist on Feb 28, 2024.
             Was the Champion of Hepliaklqana.
             Escaped with the Orb
             ... and 3 runes on Feb 29, 2024!
             The game lasted 05:28:16 (76579 turns).

mdonais the Archmage (Octopode Alchemist)          Turns: 76579, Time: 05:28:17

Health: 172/172    AC:  6    Str: 12    XL:     27
Magic:  63/72      EV: 37    Int: 70    God:    Hepliaklqana [******]
Gold:   4540       SH: 10    Dex: 30    Spells: 26/80 levels left

rFire   + + .        u - +3 Elemental Staff {ele, rElec rF+ rC+ AC+3}
rCold   + + +        S - +2 buckler "Utoklautad" {Rampage Int+6 Dex+6}
rNeg    . . .        G - +2 hat
rPois   +            s - amulet "Wewaxt" {Faith MP+9 Int+5}
rElec   +            t - ring of Joy {rC+ rCorr Int+2 Dex+3}
rCorr   +            w - ring "Goill" {rPois Int+6 Dex+4}
SInv    .            i - ring "Fiusaur" {^Drain Will+ EV+5 Dex+3}
Will    +++..        l - +6 ring of intelligence
Stlth   ++           L - ring of Zoli {rF+ rC+ Str+2 Int+6}
HPRegen 0.48/turn    M - ring of magical power
MPRegen 0.43/turn    o - +6 ring of intelligence
                     R - +6 ring of intelligence

%: clarity, rampage, faith
@: studying 3 skills
A: reduced essence, almost no armour, amphibious, 8 rings, camouflage 1,
gelatinous body 1, (nimble swimmer 1), tentacles, clarity
0: Orb of Zot
}: 3/15 runes: serpentine, barnacled, silver
a: Renounce Religion, Recall Ancestor, Ancestor Identity, Transference, Idealise


You escaped.
You worshipped Hepliaklqana.
Hepliaklqana was exalted by your worship.
You visited 11 branches of the dungeon, and saw 51 of its levels.
You visited 1 bazaar.
You also visited: Trove, Bailey, Gauntlet, Ice Cave and Wizlab.

You collected 11984 gold pieces.
You spent 7444 gold pieces at shops.

Inventory:

Hand Weapons
 u - the +3 Elemental Staff (weapon) {ele, rElec rF+ rC+ AC+3}
   (You found it on level 5 of the Vaults)

   AC+3:      It affects your AC (+3).
   rF+:       It protects you from fire.
   rC+:       It protects you from cold.
   rElec:     It insulates you from electricity.
Missiles
 Z - 2 throwing nets (quivered) {=!f}
Armour
 G - a +2 hat (worn)
   (You found it on level 4 of the Dungeon)
 S - the +2 buckler "Utoklautad" (worn) {Rampage Int+6 Dex+6}
   (You found it in a treasure trove)

   Int+6:     It affects your intelligence (+6).
   Dex+6:     It affects your dexterity (+6).
   Rampage:   It bestows one free step when moving towards enemies.
Magical Staves
 z - the staff of Ozesch {rElec rN+ Int+2 Necro}
   (You found it on level 3 of the Elven Halls)

   [staff of death]

   Base accuracy: +5 Base damage: 5 Base attack delay: 1.2 This weapon's minimum
   attack delay (0.6) is reached at skill level 12.
   Int+2:     It affects your intelligence (+2).
   rElec:     It insulates you from electricity.
   rN+:       It protects you from negative energy.
   Necro:     It increases the power of your Necromancy spells.
   It falls into the 'Staves' category.
   It is a one-tentacled weapon.
Jewellery
 c - the ring "Govaoloa" {Ice rElec Will+++ Str+3 Dex-5}
   (You took it off Josephina on level 3 of the Depths)

   [ring of ice]

   Ice:       It enhances your ice magic.
   Str+3:     It affects your strength (+3).
   Dex-5:     It affects your dexterity (-5).
   rF-:       It makes you vulnerable to fire.
   rC+:       It protects you from cold.
   rElec:     It insulates you from electricity.
   Will+++:   It greatly increases your willpower.
 i - the ring "Fiusaur" (on tentacle) {^Drain Will+ EV+5 Dex+3}
   (You acquired it on level 2 of the Depths)

   [ring of evasion]

   EV+5:      It affects your evasion (+5).
   Dex+3:     It affects your dexterity (+3).
   Will+:     It increases your willpower.
   ^Drain:    It drains your maximum health when unequipped.
 k - an amulet of magic regeneration
   (You found it on level 2 of the Lair of Beasts)
 l - a +6 ring of intelligence (on tentacle)
   (You bought it in a shop on level 3 of the Vaults)
 o - a +6 ring of intelligence (on tentacle)
   (You found it on level 1 of the Elven Halls)
 s - the amulet "Wewaxt" (around mantle) {Faith MP+9 Int+5}
   (You found it on level 5 of the Vaults)

   [amulet of faith]

   Faith:     It allows you to gain divine favour quickly.
   Int+5:     It affects your intelligence (+5).
   MP+9:      It affects your magic capacity (+9).
 t - the ring of Joy (left tentacle) {rC+ rCorr Int+2 Dex+3}
   (You bought it in a shop on level 2 of the Orcish Mines)

   [ring of resist corrosion]

   Int+2:     It affects your intelligence (+2).
   Dex+3:     It affects your dexterity (+3).
   rC+:       It protects you from cold.
   rCorr:     It protects you from acid and corrosion.
 w - the ring "Goill" (right tentacle) {rPois Int+6 Dex+4}
   (You found it in a treasure trove)

   [ring of intelligence]

   Int+6:     It affects your intelligence (+6).
   Dex+4:     It affects your dexterity (+4).
   rPois:     It protects you from poison
 F - a ring of flight
   (You found it on level 3 of the Crypt)
 K - a ring of fire
   (You found it on level 13 of the Dungeon)
 L - the ring of Zoli (on tentacle) {rF+ rC+ Str+2 Int+6}
   (You found it on level 5 of the Dungeon)

   [ring of intelligence]

   Str+2:     It affects your strength (+2).
   Int+6:     It affects your intelligence (+6).
   rF+:       It protects you from fire.
   rC+:       It protects you from cold.
 M - a ring of magical power (on tentacle)
   (You bought it in a shop on level 3 of the Dungeon)
 O - a ring of wizardry
   (You found it on level 3 of the Dungeon)
 R - a +6 ring of intelligence (on tentacle)
   (You found it on level 3 of the Shoals)
 V - the ring "Cim Jot" {rN+ rCorr SInv}
   (You found it on level 1 of the Elven Halls)

   [ring of resist corrosion]

   rN+:       It protects you from negative energy.
   SInv:      It lets you see invisible.
   rCorr:     It protects you from acid and corrosion.
 X - a ring of fire
   (You found it on level 3 of the Lair of Beasts)
Wands
 p - a wand of warping (70)
   (You found it on level 2 of the Dungeon)
 D - a wand of digging (44)
   (You found it on level 4 of the Dungeon)
 I - a wand of quicksilver (38)
   (You found it on level 11 of the Dungeon)
Scrolls
 b - 3 scrolls of silence
 n - 5 scrolls of revelation
 q - 6 scrolls of fog
 x - 4 scrolls of summoning
 y - 7 scrolls of fear
 B - 9 scrolls of blinking
 J - 14 scrolls of immolation
 P - 13 scrolls of vulnerability
 T - 16 scrolls of teleportation
Potions
 a - 3 potions of magic
 d - 2 potions of berserk rage
 e - 9 potions of heal wounds
 g - 2 potions of ambrosia
 h - 6 potions of cancellation
 m - 5 potions of invisibility
 r - 11 potions of mutation
 v - 10 potions of might
 A - 7 potions of enlightenment
 H - 9 potions of haste
 Q - 27 potions of curing
 W - 9 potions of brilliance
 Y - 3 potions of resistance
Miscellaneous
 f - a lightning rod (4/4)
   (You found it on level 1 of the Lair of Beasts)
 j - a phantom mirror
   (You bought it in a shop on level 2 of the Orcish Mines)
 N - a sack of spiders
   (You found it in a treasure trove)
 U - a phial of floods
   (You found it in a Gauntlet)


   Skills:
 + Level 17.0 Fighting
 - Level 8.0 Short Blades
 - Level 17.0 Dodging
 - Level 10.0 Stealth
 - Level 7.0 Shields
 O Level 27 Spellcasting
 - Level 22.0 Conjurations
 - Level 2.0 Translocations
 - Level 22.0 Fire Magic
 - Level 7.0 Air Magic
 - Level 10.0 Earth Magic
 - Level 6.0 Alchemy
 - Level 6.0 Invocations
 - Level 6.0 Evocations


You had 26 spell levels left.
You knew the following spells:

 Your Spells              Type           Power      Damage    Failure   Level
a - Fireball              Conj/Fire      92%        3d34      0%          5
b - Orb of Destruction    Conj           79%        9d18      0%          7
c - Plasma Beam           Fire/Air       96%        2x1d115   1%          6
d - Lehudib's Crystal Sp  Conj/Erth      84%        10d19     1%          8
e - Ignition              Fire           92%        3d23      1%          8
f - Fire Storm            Conj/Fire      92%        8d23      1%          9
g - Bombard               Conj/Erth      84%        9d13      0%          6
h - Mephitic Cloud        Conj/Alch/Air  100%       N/A       0%          3
i - Blink                 Tloc           100%       N/A       1%          2

Your spell library contained the following spells:

 Spells                   Type           Power      Damage    Failure   Level
 Foxfire                  Conj/Fire      100%       2x1d9     0%          1
 Kiss of Death            Conj/Necr      100%       2d13      0%          1
 Magic Dart               Conj           100%       1d8       0%          1
 Sting                    Conj/Alch      100%       1d9       0%          1
 Cigotuvi's Dreadful Rot  Necr/Alch/Air  100%       N/A       0%          2
 Mercury Vapours          Alch/Air       100%       N/A       0%          2
 Momentum Strike          Conj/Tloc      100%       3d10      0%          2
 Scorch                   Fire           100%       2d9       0%          2
 Searing Ray              Conj           100%       2d8       0%          2
 Hailstorm                Conj/Ice       100%       3d16      0%          3
 Inner Flame              Hex/Fire       100%       N/A       0%          3
 Passwall                 Erth           100%       N/A       0%          3
 Brom's Barrelling Bould  Conj/Erth      100%       2d11      0%          4
 Flame Wave               Conj/Fire      100%       2d21      0%          4
 Fulminant Prism          Conj/Alch      69%        3d28      0%          4
 Ignite Poison            Fire/Alch      100%       N/A       0%          4
 Iskenderun's Mystic Bla  Conj/Tloc      100%       2d19      0%          4
 Sticky Flame             Fire/Alch      100%       2d15      0%          4
 Summon Blazeheart Golem  Fire/Summ      100%       N/A       0%          4
 Arcjolt                  Conj/Air       82%        1d92      0%          5
 Irradiate                Conj/Alch      69%        3d34      0%          5
 Iskenderun's Battlesphe  Conj           100%       2d15      0%          5
 Starburst                Conj/Fire      92%        6d23      0%          6
 Apportation              Tloc           100%       N/A       1%          1
 Freeze                   Ice            100%       1d10      1%          1
 Necrotise                Necr           100%       1d9       1%          1
 Slow                     Hex            100%       N/A       1%          1
 Summon Small Mammal      Summ           100%       N/A       1%          1
 Call Imp                 Summ           100%       N/A       1%          2
 Ensorcelled Hibernation  Hex/Ice        100%       N/A       1%          2
 Jinxbite                 Hex            100%       N/A       1%          2
 Lesser Beckoning         Tloc           100%       N/A       1%          2
 Sublimation of Blood     Necr           76%        N/A       1%          2
 Call Canine Familiar     Summ           76%        N/A       1%          3
 Confusing Touch          Hex            76%        N/A       1%          3
 Frozen Ramparts          Ice            100%       1d16      1%          3
 Fugue of the Fallen      Necr           76%        N/A       1%          3
 Gell's Gravitas          Tloc           89%        N/A       1%          3
 Ozocubu's Armour         Ice            96%        N/A       1%          3
 Sigil of Binding         Hex            76%        N/A       1%          3
 Summon Ice Beast         Ice/Summ       96%        N/A       1%          3
 Teleport Other           Tloc           89%        N/A       1%          3
 Tukima's Dance           Hex            76%        N/A       1%          3
 Vampiric Draining        Necr           76%        2d11      1%          3
 Anguish                  Hex/Necr       38%        N/A       1%          4
 Animate Dead             Necr           76%        N/A       1%          4
 Cause Fear               Hex            38%        N/A       1%          4
 Dimensional Bullseye     Hex/Tloc       41%        N/A       1%          4
 Dispel Undead            Necr           76%        3d25      1%          4
 Leda's Liquefaction      Alch/Erth      71%        N/A       1%          4
 Manifold Assault         Tloc           89%        N/A       1%          4
 Martyr's Knell           Necr/Summ      76%        N/A       1%          4
 Olgreb's Toxic Radiance  Alch           100%       N/A       1%          4
 Passage of Golubria      Tloc           89%        N/A       1%          4
 Petrify                  Alch/Erth      100%       N/A       1%          4
 Summon Lightning Spire   Summ/Air       100%       N/A       1%          4
 Vhi's Electric Charge    Tloc/Air       100%       N/A       1%          4
 Alistair's Intoxication  Alch           72%        N/A       1%          5
 Borgnjor's Vile Clutch   Necr/Erth      64%        N/A       1%          5
 Curse of Agony           Necr           76%        N/A       1%          5
 Freezing Cloud           Conj/Ice/Air   87%        6-21      1%          5
 Lee's Rapid Deconstruct  Erth           75%        3d34*     1%          5
 Metabolic Englaciation   Hex/Ice        48%        N/A       1%          5
 Silence                  Hex/Air        60%        N/A       1%          5
 Summon Forest            Summ/Tloc      41%        N/A       1%          5
 Summon Mana Viper        Hex/Summ       76%        N/A       1%          5
 Yara's Violent Unravell  Hex/Alch       47%        3d18      1%          5
 Conjure Ball Lightning   Conj/Air       82%        3x3d31    1%          6
 Eringya's Noxious Bog    Alch           54%        4d6       1%          6
 Spellforged Servitor     Conj/Summ      64%        N/A       1%          7
 Sculpt Simulacrum        Ice/Alch       58%        N/A       2%          6
 Dispersal                Tloc           44%        N/A       3%          6
 Death Channel            Necr           38%        N/A       8%          6
 Summon Cactus Giant      Summ           38%        N/A       8%          6
 Maxwell's Capacitive Co  Air            69%        ∞         19%         8
 Malign Gateway           Summ/Tloc      41%        N/A       28%         7
 Enfeeble                 Hex            38%        N/A       41%         7
 Haunt                    Necr/Summ      38%        N/A       41%         7
 Ozocubu's Refrigeration  Ice            48%        4d18      41%         7
 Disjunction              Tloc           44%        N/A       83%         8
 Discord                  Hex            38%        N/A       98%         8
 Infestation              Necr           38%        N/A       98%         8
 Summon Horrible Things   Summ           38%        N/A       98%         8
 Death's Door             Necr           38%        N/A       100%        9
 Dragon's Call            Summ           38%        N/A       100%        9
 Polar Vortex             Ice            48%        12d6*     100%        9
 Animate Armour           Summ/Erth      Unusable   N/A       N/A         4

Dungeon Overview and Level Annotations

Branches:
Dungeon (15/15)            Temple (1/1) D:5            Lair (5/5) D:8
 Shoals (4/4) Lair:3        Snake (4/4) Lair:2        Slime (0/5) Lair:5
    Orc (2/2) D:10            Elf (3/3) Orc:2        Vaults (5/5) D:13
  Crypt (3/3) Vaults:3       Tomb (0/3) Crypt:3      Depths (4/4) D:15
    Zot (5/5) Depths:4     Bailey (visited)           IceCv (visited)
 WizLab (visited)         Gauntlet (visited)

Altars:
Ashenzari
Cheibriados
Dithmenos
Elyvilon
Fedhas
Gozag
Hepliaklqana
Kikubaaqudgha
Makhleb
Nemelex Xobeh
Okawaru
Qazlal
Ru
Sif Muna
Trog
Uskayaw
Vehumet
Wu Jian
Xom
Yredelemnul
Zin
The Shining One
Beogh
Lugonu

Shops:
D:1 (   D:3 *[=[:   D:5 :   D:9 (   D:15 [[(   Orc:2 ==**!   Snake:1 ?
Vaults:1 *(   Vaults:3 *

Portals:
Hell: Depths:1 Depths:2 Depths:3 Depths:4
Abyss: Lair:5 Depths:1 Depths:3
Pandemonium: Depths:2
Ziggurat: Depths:4

Annotations:
Vaults:2 2 transporters, exclusion: orange crystal statue
Zot:4 5 transporters


Innate Abilities, Weirdness & Mutations

Your life essence is reduced to manifest your ancestor. (-10% HP)
You cannot wear most types of armour.
You are amphibious.
You can wear up to eight rings at the same time.
Your skin changes colour to match your surroundings (Stealth+).
Your rubbery body absorbs attacks. (AC +1, EV +1)
((You are camouflaged when in or above water. (Stealth+)))
You have tentacles for arms and can constrict up to eight enemies at once.
You possess an exceptional clarity of mind.


Message History

a +0 robe; a +0 dagger; an orc skeleton A blizzard demon comes into view.
The blizzard demon gestures at you. The bolt of cold hits you! You resist.
You take 3 damage, and have 162/172 hp.
Casting: Plasma Beam (safe; 1% risk of failure)
Confirm with . or Enter, or press ? or * to list all spells.
Casting: Plasma Beam (safe; 1% risk of failure)
Press: ? - help, Dir - look around, f - activate You feel a strong surge of power!
The bolt of lightning hits the blizzard demon.
The blizzard demon completely resists.
The fiery plasma misses the blizzard demon.
You now have 57/62 mp.
Odieco Noij mumbles some strange words.
Odieco Noij seems to speed up.
The blizzard demon gestures at you. The bolt of lightning misses you.
The bolt of lightning hits Odieco Noij!
Casting: Plasma Beam (safe; 1% risk of failure)
Confirm with . or Enter, or press ? or * to list all spells.
Casting: Plasma Beam (safe; 1% risk of failure)
Press: ? - help, Dir - look around, f - activate You feel a strong surge of power!
The bolt of lightning hits the blizzard demon.
The blizzard demon completely resists.
The fiery plasma hits the blizzard demon but does no damage.
Odieco Noij gestures wildly while chanting.
The blizzard demon resists with almost no effort.
The blizzard demon gestures at you. The bolt of cold misses you.
You now have 52/62 mp.
Casting: Plasma Beam (safe; 1% risk of failure)
Confirm with . or Enter, or press ? or * to list all spells.
Casting: Plasma Beam (safe; 1% risk of failure)
Press: ? - help, Dir - look around, f - activate You feel a strong surge of power!
The bolt of lightning misses the blizzard demon.
The fiery plasma hits the blizzard demon!
The blizzard demon is burned terribly!
The blizzard demon is lightly wounded.
You now have 47/62 mp.
Casting: Plasma Beam (safe; 1% risk of failure)
Confirm with . or Enter, or press ? or * to list all spells.
Aiming: Lehudib's Crystal Spear (dangerous; 1% risk of failure)
Press: ? - help, Shift-Dir - straight line, f - blizzard demon
Aim: a blizzard demon (lightly wounded, ally target, 85% to hit)
You feel a surge of power!
The crystal spear hits the blizzard demon!!!!!
You kill the blizzard demon!
You now have 40/62 mp.
Ancestor HP restored.
An Orb Guardian comes into view.
Odieco Noij gestures wildly while chanting.
The Orb Guardian appears confused.
The Orb Guardian moves out of view.
Casting: Lehudib's Crystal Spear (dangerous; 1% risk of failure)
Confirm with . or Enter, or press ? or * to list all spells.
You can't see any susceptible monsters within range! (Use Z to cast anyway.)
What are your orders? t - Shout!
Orders for allies: a - Attack new target. r - Retreat! s - Stop attacking. g - Guard the area. f - Follow me.
Anything else - Cancel.
You shout for attention!
What are your orders? t - Shout!
Orders for allies: a - Attack new target. r - Retreat! s - Stop attacking. g - Guard the area. f - Follow me.
Anything else - Cancel.
You shout for attention!
Casting: Lehudib's Crystal Spear (dangerous; 1% risk of failure)
Confirm with . or Enter, or press ? or * to list all spells.
Casting: Plasma Beam (safe; 1% risk of failure)
Press: ? - help, Dir - look around, f - activate You feel a strong surge of power!
The bolt of lightning hits the Orb Guardian!!!!
The Orb Guardian is almost dead.
The fiery plasma hits the Orb Guardian!!!!
You kill the Orb Guardian!
You now have 40/62 mp.
Health restored: 172
There is a stone staircase leading up here.
You start resting.
A smoke demon comes into view.
You regained 10 mp, and now have 60/62 mp.
Casting: Plasma Beam (safe; 1% risk of failure)
Confirm with . or Enter, or press ? or * to list all spells.
Casting: Plasma Beam (safe; 1% risk of failure)
Press: ? - help, Dir - look around, f - activate You feel a strong surge of power!
The bolt of lightning hits the smoke demon!!!
You kill the smoke demon!
You now have 55/62 mp.
You climb upwards.
There is a stone staircase leading down here.
A hellion comes into view.
You regained 2 mp, and now have 58/62 mp.
Casting: Plasma Beam (safe; 1% risk of failure)
Confirm with . or Enter, or press ? or * to list all spells.
Casting: Plasma Beam (safe; 1% risk of failure)
Press: ? - help, Dir - look around, f - activate You feel a strong surge of power!
Odieco Noij avoids your attack.
The bolt of lightning hits the hellion!!
The hellion is severely wounded.
Odieco Noij avoids your attack.
The fiery plasma hits the hellion!!!!
You kill the hellion!
Training target 27.0 for Spellcasting reached!
You have mastered Spellcasting!
You need to enable at least one skill for training.
You now have 53/63 mp.
Odieco Noij is no longer moving quickly.
There is a stone staircase leading up here.
You climb upwards.
There is a stone staircase leading down here.
You regained 2 mp, and now have 59/63 mp.
Magic restored.
There is an entrance to Rymucw's Book Shoppe here.
You see here a +2 leather armour of poison resistance.
There is a stone staircase leading up here.
MP restored: 63 You climb upwards.
There is a stone staircase leading down here.
You swap places.
There is a stone staircase leading up here.
You climb upwards.
There is a stone staircase leading down here.
There is a stone staircase leading up here.
You climb upwards.
There is a stone staircase leading down here.
There is a stone staircase leading up here.
You climb upwards.
There is a stone staircase leading down here.
You swap places.
You see here 5 stones.
There is an open door here.
There is a staircase leading out of the dungeon here.
You start removing your amulet.
You continue removing your amulet of magic regeneration. x4
You finish removing your amulet of magic regeneration.
You start putting on your amulet.
You continue putting on the amulet "Wewaxt" {Faith MP+9 Int+5}. x5
You finish putting on the amulet "Wewaxt" {Faith MP+9 Int+5}.
You feel a surge of divine interest.
You feel clever.
s - the amulet "Wewaxt" (around mantle) {Faith MP+9 Int+5} You remove the ring "Cim Jot" {rN+ rCorr SInv}.
You feel clever.
You feel agile.
t - the ring of Joy (left tentacle) {rC+ rCorr Int+2 Dex+3} You have escaped!

#.....## #.......
##..#..# ####....###
##....###.......# #
####........#...###
#.......###..####..
###'#+### ##....###
#.÷...### ####.##
####.....+.# #..##
#..#@.ß..#.# ##..#
#..#R....')## ##..
#..#.....#..########.
#..##'#+###..#.......
#.........##.#......>
#............#...####
###...#####..#####
##..## #....#
##...######....### #


You could see the friendly Odieco Noij the hexer.

Vanquished Creatures
  A pandemonium lord (Zot:2)
  3 dread liches (Zot:5)
  2 ancient liches (Zot:5)
  6 orbs of fire
  A juggernaut (Depths:3)
  Mennas (Vaults:3)
  The ghost of Kinwaexu the Slayer, a veteran OnBe of Trog (Zot:1)
  4 Killer Klowns
  Bai Suzhen (Elf:3)
  Vv (Zot:3)
  4 caustic shrikes (Depths:4)
  Nikola (Depths:1)
  Jory (Depths:1)
  A profane servitor (Crypt:3)
  2 bone dragons
  15 golden dragons
  the Enchantress (Depths:3)
  3 electric golems
  2 doom hounds (Depths:3)
  A shard shrike skeleton (Crypt:2)
  4 liches
  Zenata (Elf:2)
  A Hell Sentinel (Zot:1)
  13 tentacled monstrosities
  Rupert (Lair:3)
  An Ice Fiend (Zot:2)
  26 Orb Guardians
  6 titans
  2 walking crystal tomes
  2 deep elf master archers (Elf:3)
  7 sphinxes
  Grunn (Depths:3)
  3 deep elf blademasters
  9 quicksilver dragons
  A walking frostbound tome (Depths:2)
  5 death cobs
  Agnes (Elf:2)
  4 ancient champions
  14 storm dragons
  12 tengu reavers
  10 shadow dragons
  A strange machine (WizLab)
  Donald (Elf:2)
  A daeva (Shoals:4)
  Roxanne (Snake:4)
  5 draconian monks
  3 protean progenitors
  2 revenants
  10 deep elf sorcerers
  7 nagarajas
  12 draconian knights
  11 fire giants
  5 frost giants
  Louise (Snake:1)
  3 draconian scorchers
  7 draconian shifters
  An iron dragon (Depths:2)
  14 vault wardens
  5 draconian stormcallers
  An angel (Depths:4)
  11 ironbound preservers
  3 ghost moths
  3 curse skulls
  11 very ugly things
  5 orc warlords
  7 deep elf elementalists
  9 ironbound thunderhulks
  7 draconian annihilators
  6 ghouls
  17 stone giants
  3 spriggan defenders (Depths:3)
  A reaper (Depths:3)
  3 formless jellyfish
  10 vampire knights
  An elemental wellspring (Depths:3)
  5 deep elf demonologists
  4 deep elf death magi
  10 green draconians
  9 black draconians
  2 putrid mouths
  10 red draconians
  7 white draconians
  19 deep elf annihilators
  A minotaur (Gauntlet)
  10 yellow draconians
  3 war gargoyles
  8 purple draconians
  10 spark wasps
  A bunyip (Zot:2)
  7 dire elephants
  2 quicksilver dragon zombies
  16 jiangshi
  8 merfolk impalers
  An acid blob zombie (Crypt:2)
  10 ettins
  A blizzard demon (D:7)
  2 spriggan zombies (Crypt:1)
  3 merfolk javelineers
  8 deep elf high priests
  4 great orbs of eyes
  A crystal guardian (Vaults:3)
  5 fire dragons
  The ghost of heskitgel the Bludgeoner, a journeyman GrFi of Beogh (D:11)
  11 yaktaur captains
  30 vault guards
  A salamander tyrant (Snake:4)
  9 rakshasas
  2 peacekeepers
  10 spriggan air magi
  7 ironbound frosthearts
  3 hydras
  A juggernaut simulacrum (Depths:3)
  5 ice dragons
  A radroach (shapeshifter) (Depths:2)
  13 centaur warriors
  11 ogre magi
  7 merfolk aquamancers
  4 anacondas
  6 boulder beetles
  An alligator snapping turtle (Shoals:2)
  4 death knights
  6 deep troll earth magi
  A merfolk avatar (Shoals:4)
  9 two-headed ogres
  25 dancing weapons
  4 hell hogs (D:8)
  3 deep troll shamans (Depths:1)
  5 spriggan berserkers
  3 vampire magi
  3 death yaks (Shoals:4)
  13 tengu warriors
  19 hell knights
  3 shock serpents
  4 thrashing horrors (Lair:5)
  13 naga warriors
  10 naga sharpshooters
  3 orc high priests
  A soul eater (D:9)
  A sun demon (Zot:1)
  19 deep elf knights
  A salamander mystic (Depths:3)
  5 occultists
  3 skysharks
  2 shadow wraiths (Crypt:3)
  22 skeletal warriors
  50 deep trolls
  3 cherubim
  5 iron trolls
  6 glowing orange brains
  6 naga ritualists
  14 sea snakes
  2 deep trolls (shapeshifter)
  4 flayed ghosts
  7 arcanists
  15 deep elf archers
  3 lindwurms (Vaults:2)
  7 mana vipers
  8 bog bodies
  12 harpies
  11 ironbound convokers
  A thermic dynamo (Elf:3)
  A mana viper (shapeshifter) (Depths:4)
  13 necromancers
  18 phantasmal warriors
  A tengu zombie (Depths:3)
  An orange crystal statue (Depths:3)
  A lindwurm (shapeshifter) (Vaults:1)
  36 deep elf pyromancers
  An obsidian statue (Zot:5)
  25 deep elf zephyrmancers
  22 orc knights
  2 oklob plants (Lair:2)
  3 large abominations
  22 ugly things
  8 salamanders
  A wolf spider (D:15)
  A salamander (shapeshifter) (D:11)
  A moth of wrath (shapeshifter) (Depths:4)
  31 moths of wrath
  14 manticores
  12 fauns
  10 cyclopes
  5 elephants
  A naga zombie (Crypt:1)
  A guardian serpent (shapeshifter) (Vaults:5)
  2 kobold blastminers (Orc:1)
  5 water nymphs
  49 black mambas
  14 vault sentinels
  A frost giant skeleton (Depths:3)
  An elephant (shapeshifter) (D:11)
  2 guardian serpents
  An ice statue (IceCv)
  An orange demon (D:12)
  A shock serpent skeleton (Crypt:2)
  A fire giant skeleton (Depths:3)
  Joseph (D:8)
  A torpor snail (Lair:5)
  9 merfolk sirens
  8 naga magi
  2 gargoyles
  An apocalypse crab (Gauntlet)
  A cane toad (shapeshifter) (Lair:5)
  A smoke demon (D:7)
  A titan simulacrum (Crypt:1)
  5 cane toads
  3 hellions
  2 storm dragon simulacra (Depths:3)
  An unseen horror (D:10)
  A rime drake (shapeshifter) (D:14)
  39 yaktaurs
  7 komodo dragons
  An orb spider zombie (Crypt:1)
  2 kobold demonologists
  7 tengu conjurers
  3 anaconda simulacra (IceCv)
  10 freezing wraiths
  A minotaur skeleton (Crypt:2)
  2 efreet
  A queen bee (shapeshifter) (Elf:2)
  20 merfolk
  11 trolls
  14 ice devils
  A green draconian skeleton (Crypt:2)
  A troll (shapeshifter) (Lair:5)
  4 polar bears
  A catoblepas skeleton (Crypt:1)
  A merfolk (shapeshifter) (Elf:2)
  An unseen horror skeleton (D:8)
  7 wind drakes
  A wind drake (shapeshifter) (Lair:5)
  A harpy zombie (Crypt:1)
  4 hornets
  A meliai zombie (Crypt:1)
  A raiju (shapeshifter) (Elf:1)
  A glass eye (Depths:1)
  A glass eye (shapeshifter) (Vaults:2)
  A harpy skeleton (Crypt:1)
  A raiju (Lair:5)
  4 snapping turtles
  34 blink frogs
  7 dream sheep (Shoals:4)
  40 slime creatures
  2 fire giant simulacra (Depths:3)
  An ice dragon zombie (Crypt:2)
  A jumping spider (shapeshifter) (D:14)
  3 shadows (Crypt:3)
  A vampire (D:9)
  4 air elementals
  3 wraiths
  A wyvern (D:11)
  3 humans (D:13)
  A dire elephant simulacrum (IceCv)
  4 ynoxinuls
  4 spriggans
  17 water elementals
  A culicivora (shapeshifter) (Depths:2)
  An unseen horror simulacrum (D:8)
  46 yaks
  A redback (shapeshifter) (Depths:2)
  8 basilisks
  4 fire elementals
  3 death yak simulacra (IceCv)
  7 redbacks (Elf:2)
  3 steam dragons
  3 neqoxecs
  11 vampire mosquitoes
  A chaos spawn (Lair:5)
  2 harpy simulacra
  6 water moccasins
  2 hell hounds (Gauntlet)
  43 nagas
  3 acid dragons
  A hydra simulacrum (Crypt:1)
  A deep troll skeleton (Crypt:2)
  A hornet zombie (D:8)
  20 laughing skulls
  36 orc warriors
  An ice beast (D:6)
  2 sky beasts
  6 black bears
  11 small abominations
  5 wolves
  19 ogres
  A snapping turtle skeleton (Crypt:2)
  7 centaurs
  5 boggarts (Vaults:3)
  A swamp dragon skeleton (Crypt:1)
  2 kobold brigands
  9 bullfrogs
  An earth elemental (Elf:3)
  A gnoll sergeant (D:9)
  2 cane toad simulacra (IceCv)
  2 two-headed ogre simulacra (IceCv)
  5 wights
  5 burial acolytes
  A wyvern skeleton (D:8)
  8 killer bees
  2 elephant simulacra (IceCv)
  A yak skeleton (Crypt:1)
  12 electric eels
  2 howler monkeys (D:7)
  A centaur zombie (Crypt:1)
  A human zombie (D:8)
  5 hounds
  7 jellies
  21 orc priests
  3 iguanas (D:5)
  2 gnoll boudas
  4 hell rats (Lair:4)
  16 orc wizards
  7 polar bear simulacra (IceCv)
  A troll simulacrum (IceCv)
  2 spriggan simulacra
  3 wolf simulacra (IceCv)
  2 killer bee zombies (D:8)
  3 centaur simulacra
  2 hexers
  2 howler monkey zombies (D:8)
  24 gnolls
  5 adders
  5 white imps
  2 ufetubi
  2 ribbon worms (D:4)
  3 dart slugs
  64 orcs
  19 endoplasms
  6 giant cockroaches
  8 goblins
  11 hobgoblins
  6 jackals (D:4)
  4 quokkas
  12 ball pythons
  6 bats
  6 frilled lizards
  A hobgoblin skeleton (Crypt:1)
  20 kobolds
  3 rats
  An aspiring flesh (Zot:2)
  2 butterflies (D:9)
  6 fire vortices
2225 creatures vanquished.

Vanquished Creatures (collateral kills)
  4 orbs of fire
  Xtahua (Depths:3)
  Josephina (Depths:3)
  2 Killer Klowns (Zot:5)
  A caustic shrike (Depths:3)
  2 golden dragons
  A Brimstone Fiend (Depths:2)
  3 tentacled monstrosities
  A sphinx (Vaults:4)
  A death cob (Zot:4)
  3 storm dragons
  Aizul (Snake:1)
  An iron dragon (Depths:4)
  A vault warden (Vaults:3)
  2 draconian scorchers
  An ironbound preserver (Vaults:4)
  A very ugly thing (Vaults:5)
  A formless jellyfish (Vaults:1)
  A green draconian (Zot:3)
  A stone giant (Depths:3)
  A black draconian (Zot:1)
  A white draconian (Zot:3)
  A deep elf death mage (Elf:3)
  A purple draconian (Zot:4)
  A fire dragon (Depths:4)
  An ice dragon (Depths:2)
  A salamander tyrant (Snake:4)
  2 rakshasas (WizLab)
  A hydra (Lair:4)
  A merfolk aquamancer (Shoals:4)
  Erica (D:8)
  2 two-headed ogres (Orc:2)
  10 dancing weapons
  A death yak (Shoals:4)
  A naga warrior (Snake:4)
  A tengu warrior (Gauntlet)
  An orc high priest (Orc:1)
  A shock serpent (Snake:3)
  2 skysharks (Lair:2)
  A salamander mystic (Snake:4)
  3 deep elf knights
  2 skeletal warriors (Crypt:3)
  3 deep trolls
  A shadow wraith (Crypt:3)
  A skyshark (shapeshifter) (D:11)
  A deep elf archer (Elf:1)
  3 ironbound convokers
  2 deep elf pyromancers (Elf:2)
  A harpy (Shoals:4)
  A thermic dynamo (Elf:3)
  2 orc knights
  A necromancer (Depths:1)
  4 ugly things
  3 deep elf zephyrmancers
  A manticore (D:10)
  A moth of wrath (Zot:4)
  4 elephants
  A cyclops (D:10)
  3 black mambas
  A naga mage (Snake:4)
  A cane toad (Lair:1)
  The ghost of Splishie the Ruffian, a novice DrSh of Jiyva (D:6)
  A yaktaur (Vaults:2)
  A tormentor (Depths:2)
  A komodo dragon (Lair:1)
  2 ice devils
  A tengu conjurer (Gauntlet)
  2 polar bears
  A hornet (D:10)
  2 merfolk
  4 trolls
  A tyrant leech (Zot:2)
  A wind drake (Shoals:1)
  5 blink frogs
  A spriggan (Depths:2)
  10 slime creatures
  A wyvern (Lair:1)
  2 wraiths (D:10)
  A ynoxinul (Lair:5)
  20 yaks
  2 fire elementals
  2 basilisks
  2 death yak simulacra (IceCv)
  A vampire mosquito (D:12)
  A chaos spawn (Zot:5)
  A hell hound (Gauntlet)
  2 hydra simulacra (IceCv)
  2 water moccasins
  5 orc warriors
  A hornet zombie (Crypt:2)
  4 ogres
  4 wolves
  A centaur (D:7)
  A kobold brigand (D:8)
  3 bullfrogs
  2 burial acolytes (D:8)
  2 killer bees (D:8)
  An elephant simulacrum (IceCv)
  A howler monkey (D:7)
  A jelly (Lair:1)
  A centaur zombie (D:8)
  6 orc priests
  A sleepcap (D:7)
  An iguana (D:7)
  4 orc wizards
  A spriggan simulacrum (IceCv)
  6 gnolls
  A white imp (D:6)
  A howler monkey simulacrum (D:8)
  9 orcs
  7 endoplasms (Lair:1)
  A goblin (Bailey)
  A hobgoblin (Bailey)
  An aspiring flesh (Zot:2)
240 creatures vanquished.

Vanquished Creatures (others)
  A black draconian (Zot:4)
  A deep troll earth mage (Depths:1)
  A hell knight (Depths:1)
  A necromancer (Depths:1)
  A ynoxinul (Zot:2)
  25 hexers
  An ancestor (D:6)
  23 fire vortices
54 creatures vanquished.

Grand Total: 2519 creatures vanquished

Notes
Turn   | Place    | Note
-------+----------+-------------------------------------------
     0 | D:1      | mdonais the Octopode Alchemist began the quest for the Orb.
     0 | D:1      | Reached XP level 1. HP: 11/11 MP: 3/3
   143 | D:1      | Reached XP level 2. HP: 17/17 MP: 0/5
   300 | D:1      | Found Hacsuna's Antique Weapon Shop.
   660 | D:1      | Reached XP level 3. HP: 19/22 MP: 6/6
  1028 | D:2      | Reached skill level 1 in Short Blades
  1038 | D:2      | Reached skill level 1 in Fighting
  1246 | D:2      | Reached XP level 4. HP: 26/28 MP: 7/7
  1404 | D:2      | Found a faded altar of an unknown god.
  1741 | D:3      | Found Rilowiz's Assorted Antiques.
  1756 | D:3      | Learned a level 3 spell: Mephitic Cloud
  1769 | D:3      | Found Jesaeps's Armour Shoppe.
  1774 | D:3      | You fall into a shaft and drop 1 floor!
  1888 | D:3      | Found Waem's Book Boutique.
  1889 | D:3      | Found Qaprasch's Jewellery Shoppe.
  2002 | D:3      | Bought a smoky yellow potion for 21 gold pieces
  2002 | D:3      | Bought a bubbling black potion for 21 gold pieces
  2002 | D:3      | Bought a scroll labelled JIFAECL TITY for 24 gold pieces
  2002 | D:3      | Bought an orange potion for 21 gold pieces
  2002 | D:3      | Bought a scroll labelled OSOFFIATUAC for 24 gold pieces
  2114 | D:3      | Found Pimouqit's Armour Emporium.
  2342 | D:3      | Found a shimmering blue altar of Sif Muna.
  2418 | D:3      | Noticed a black bear
  2494 | D:3      | Reached XP level 5. HP: 28/34 MP: 3/8
  2499 | D:3      | Learned a level 4 spell: Olgreb's Toxic Radiance
  2790 | D:3      | Killed a black bear
  2919 | D:4      | Noticed an ogre
  2972 | D:4      | Killed an ogre
  2973 | D:4      | Reached XP level 6. HP: 39/39 MP: 1/9
  3335 | D:4      | Noticed a black bear
  3343 | D:4      | Killed a black bear
  3344 | D:4      | Reached skill level 3 in Spellcasting
  3402 | D:4      | Reached XP level 7. HP: 44/45 MP: 3/11
  3627 | D:4      | Reached skill level 5 in Alchemy
  4143 | D:5      | Entered Level 5 of the Dungeon
  4189 | D:5      | Reached skill level 1 in Evocations
  4387 | D:5      | Found a sacrificial altar of Ru.
  4410 | D:5      | Found a snail-covered altar of Cheibriados.
  4491 | D:5      | Found a staircase to the Ecumenical Temple.
  4533 | Temple   | Entered the Ecumenical Temple
  4548 | Temple   | Became a worshipper of Hepliaklqana the Forgotten
  4593 | D:5      | Found Rymucw's Book Shoppe.
  4832 | D:5      | Identified the ring of Zoli {rF+ rC+ Str+2 Int+6}
  5006 | D:5      | Learned a level 4 spell: Sticky Flame
  5149 | D:3      | Bought a ring of magical power for 260 gold pieces
  5271 | D:6      | Reached XP level 8. HP: 40/52 MP: 13/13
  5327 | D:6      | Reached skill level 1 in Fire Magic
  5425 | D:6      | Reached skill level 4 in Spellcasting
  5772 | D:6      | Reached * piety under Hepliaklqana
  5881 | D:6      | Identified the +12 short sword of Ewukhleh {freeze, rPois
                  | rF+ MP+9}
  6497 | D:6      | Found a large runed translucent door.
  6497 | D:6      | Found a large runed translucent door.
  6499 | D:6      | Noticed Splishie's ghost (novice DrSh)
  6647 | D:7      | Reached skill level 5 in Spellcasting
  6652 | D:7      | Reached XP level 9. HP: 52/52 MP: 16/16
  6676 | D:7      | Reached skill level 5 in Fire Magic
  7436 | D:7      | Reached ** piety under Hepliaklqana
  7437 | D:7      | Remembered your ancestor Odieco Noij as a hexer
  7527 | D:7      | Learned a level 2 spell: Blink
  7650 | D:7      | Reached skill level 1 in Translocations
  7907 | D:8      | Found a staircase to the Lair.
  7913 | D:8      | Noticed a troll
  7921 | D:8      | Killed a troll
  7922 | D:8      | Reached skill level 5 in Conjurations
  7943 | D:8      | Reached skill level 5 in Fighting
  8157 | D:8      | Noticed a hornet
  8161 | D:8      | Killed a hornet
  8162 | D:8      | Reached XP level 10. HP: 59/59 MP: 18/18
  8225 | D:8      | Noticed Erica
  8233 | D:8      | Killed Erica
  8234 | D:8      | Reached skill level 6 in Spellcasting
  8244 | D:8      | Learned a level 5 spell: Fireball
  8466 | D:8      | Noticed a gargoyle
  8472 | D:8      | Killed a gargoyle
  8612 | D:8      | Found a burning altar of Makhleb.
  8639 | D:8      | Found a basalt altar of Yredelemnul.
  8640 | D:8      | Noticed Joseph
  8647 | D:8      | Killed Joseph
  8877 | D:8      | Reached skill level 7 in Spellcasting
  9005 | D:8      | Identified the +10 rapier "Miohoino" {flame, ^Fragile rC+
                  | Dex+6}
  9528 | D:8      | Reached XP level 11. HP: 63/63 MP: 21/21
  9787 | D:8      | Found an ancient bone altar of Kikubaaqudgha.
  9893 | D:9      | Found a flagged portal.
  9981 | Bailey   | Entered a bailey
 10142 | Bailey   | Reached skill level 5 in Stealth
 10345 | Bailey   | Noticed an orc knight
 10350 | Bailey   | Killed an orc knight
 10448 | Bailey   | Noticed an orc knight
 10467 | Bailey   | Killed an orc knight
 10759 | Bailey   | Found an iron altar of Okawaru.
 10761 | Bailey   | Noticed an orc high priest
 10764 | Bailey   | Noticed a sixfirhy
 10765 | Bailey   | Noticed a sun demon
 10781 | Bailey   | Killed an orc high priest
 10862 | Bailey   | Identified the +9 quarterstaff "Grim" {freeze, ^Fragile
                  | rPois Str+4 Int+2}
 10919 | D:9      | Acquired 676 gold pieces
 10920 | D:9      | Acquired the +2 buckler "Umnacian" {rElec Int+3 Dex+3
                  | Slay-4}
 11029 | D:9      | Found a shimmering altar of Xom.
 11054 | D:9      | Found Pegraaze's Weapon Boutique.
 11215 | D:9      | Reached skill level 1 in Shields
 11915 | D:3      | Bought an amulet of reflection for 390 gold pieces
 12104 | D:6      | Killed Splishie's ghost
 12283 | D:10     | Entered Level 10 of the Dungeon
 12318 | D:10     | Reached skill level 5 in Shields
 12362 | D:10     | Noticed a deep elf pyromancer
 12364 | D:10     | Killed a deep elf pyromancer
 12365 | D:10     | Reached XP level 12. HP: 71/71 MP: 22/22
 12565 | D:10     | Noticed a two-headed ogre
 12584 | D:10     | Killed a two-headed ogre
 12730 | D:10     | Reached *** piety under Hepliaklqana
 12903 | D:10     | Noticed a two-headed ogre
 12911 | D:10     | Killed a two-headed ogre
 13130 | D:10     | Reached skill level 5 in Dodging
 13226 | D:10     | Found a staircase to the Orcish Mines.
 13802 | D:11     | Reached skill level 10 in Fire Magic
 13846 | D:11     | Noticed a two-headed ogre
 13862 | D:11     | Killed a two-headed ogre
 13863 | D:11     | Reached skill level 5 in Evocations
 13885 | D:11     | Upgraded the game from 0.32-a0-520-g344ed53f66 to
                  | 0.32-a0-540-g866d13106e
 14086 | D:11     | Found a runed translucent gate.
 14087 | D:11     | Found a runed translucent gate.
 14088 | D:11     | Found a runed translucent gate.
 14097 | D:11     | Noticed a jorogumo
 14097 | D:11     | a jorogumo changed into a polar bear
 14633 | Lair:1   | Entered Level 1 of the Lair of Beasts
 14829 | Lair:1   | You fall into a shaft and drop 1 floor!
 14855 | Lair:2   | Noticed a skyshark
 14870 | Lair:2   | Killed a skyshark
 15036 | Lair:2   | Reached skill level 10 in Conjurations
 15036 | Lair:2   | Reached XP level 13. HP: 77/77 MP: 23/23
 15385 | Lair:1   | Reached **** piety under Hepliaklqana
 15994 | Lair:2   | Found a staircase to the Snake Pit.
 16039 | Lair:2   | Reached skill level 5 in Short Blades
 16508 | Lair:2   | Found a blossoming altar of Fedhas.
 16583 | Lair:2   | Reached skill level 8 in Spellcasting
 16969 | Lair:3   | Noticed Rupert
 16975 | Lair:3   | Killed Rupert
 17373 | Lair:3   | Found a staircase to the Shoals.
 17389 | Lair:3   | Reached XP level 14. HP: 84/84 MP: 26/26
 18501 | Lair:4   | Reached ***** piety under Hepliaklqana
 18711 | Lair:4   | Learned a level 6 spell: Plasma Beam
 19001 | Lair:5   | Entered Level 5 of the Lair of Beasts
 19001 | Lair:5   | Found a gate leading to a gauntlet.
 19006 | Gauntlet | Entered a Gauntlet
 19006 | Gauntlet | Found a transporter.
 19014 | Gauntlet | Found a transporter.
 19018 | Gauntlet | Found a transporter.
 19031 | Gauntlet | Found a transporter.
 19035 | Gauntlet | Found a transporter.
 19039 | Gauntlet | Found a transporter.
 19043 | Gauntlet | Found a transporter.
 19049 | Gauntlet | Found a runed translucent gate.
 19051 | Gauntlet | Found a runed translucent gate.
 19051 | Gauntlet | Found a transporter.
 19053 | Gauntlet | Found a runed translucent gate.
 19055 | Gauntlet | Found a transporter.
 19066 | Gauntlet | Found a transporter.
 19093 | Gauntlet | Found a transporter.
 19105 | Gauntlet | Found a transporter.
 19118 | Gauntlet | Found a transporter.
 19131 | Gauntlet | Found a transporter.
 19171 | Gauntlet | Identified the +0 hat of Benab {*Corrode rC++ rN+++ Int-4}
 19426 | Gauntlet | Reached skill level 5 in Air Magic
 19464 | Gauntlet | Identified the +5 ring mail of Munihit {*Slow Int+4 Dex+4}
 19464 | Gauntlet | Identified the +5 glaive of Yredelemnul, Hammering
                  | {protect, ^Drain rPois Int+5 SInv}
 19526 | Lair:5   | Found a staircase to the Slime Pits.
 20302 | Lair:5   | Reached skill level 10 in Fighting
 20614 | Lair:5   | Reached XP level 15. HP: 96/96 MP: 27/27
 20855 | Lair:5   | Found a corrupted altar of Lugonu.
 20855 | Lair:5   | Found a one-way gate to the infinite horrors of the Abyss.
 21154 | Orc:1    | Entered Level 1 of the Orcish Mines
 21173 | Orc:1    | Reached skill level 9 in Spellcasting
 21415 | Orc:2    | Entered Level 2 of the Orcish Mines
 21652 | Orc:2    | Found a staircase to the Elven Halls.
 21663 | Orc:2    | Found Piniloses's General Store.
 21942 | Orc:2    | Reached skill level 10 in Spellcasting
 21998 | Orc:2    | Reached skill level 1 in Invocations
 22068 | Orc:2    | Found Rericvo's Jewellery Shoppe.
 22073 | Orc:2    | Found Xililot's Assorted Antiques.
 22085 | Orc:2    | Found Pishix's Jewellery Emporium.
 22088 | Orc:2    | Bought 2 fuming golden potions for 50 gold pieces
 22148 | Orc:2    | Found a roughly hewn altar of Beogh.
 22297 | Orc:2    | Found Gyorphups's Distillery.
 22480 | Orc:2    | Bought a ring of magical power for 240 gold pieces
 22480 | Orc:2    | Bought the ring of Joy {rC+ rCorr Int+2 Dex+3} for 534 gold
                  | pieces
 22543 | Orc:2    | Bought a scroll of summoning for 123 gold pieces
 22548 | Orc:2    | Bought a ring of willpower for 375 gold pieces
 22891 | Orc:2    | Bought a potion of ambrosia for 96 gold pieces
 22891 | Orc:2    | Bought a potion of mutation for 96 gold pieces
 22891 | Orc:2    | Bought a potion of degeneration for 12 gold pieces
 22891 | Orc:2    | Bought a potion of heal wounds for 60 gold pieces
 22891 | Orc:2    | Bought a potion of haste for 120 gold pieces
 23038 | D:11     | Found a runed translucent gate.
 23038 | D:11     | Found a runed translucent gate.
 23042 | D:11     | Found a runed translucent gate.
 23042 | D:11     | Noticed heskitgel's ghost (journeyman GrFi)
 23254 | D:12     | Found a frozen archway.
 23269 | IceCv    | Entered an ice cave
 23466 | IceCv    | Reached XP level 16. HP: 105/105 MP: 28/30
 23576 | IceCv    | Found the +4 skin of Zhor {*Englaciate rC+++ SInv}
 23657 | IceCv    | Reached skill level 15 in Fire Magic
 23724 | IceCv    | Identified the ring "Ypynu" {rN+ Str-2 Dex+2 Stlth+}
 23801 | IceCv    | Found an ancient bone altar of Kikubaaqudgha.
 23950 | D:12     | Reached ****** piety under Hepliaklqana
 24102 | D:12     | Learned a level 8 spell: Ignition
 24237 | D:13     | Found the +3 greatsling "Punk" {acid, rCorr}
 25009 | D:13     | Found a gate to the Vaults.
 26039 | D:15     | Entered Level 15 of the Dungeon
 26179 | D:15     | Got the Teachings on Viridian Graupel
 26263 | D:15     | Found Uwopil's Weapon Shoppe.
 26265 | D:15     | Found Osem's Armour Emporium.
 26267 | D:15     | Found Qejiol's Antique Armour Shoppe.
 26310 | D:15     | Found a shimmering altar of Xom.
 26310 | D:15     | Found a shimmering altar of Xom.
 26410 | D:15     | Found a staircase to the Depths.
 26581 | D:15     | Found a shimmering altar of Xom.
 26581 | D:15     | Found a shimmering altar of Xom.
 26582 | D:15     | Found a shimmering altar of Xom.
 26583 | D:15     | Found a shimmering altar of Xom.
 26946 | Snake:1  | Entered Level 1 of the Snake Pit
 27056 | Snake:1  | Found Xompiem's Magic Scroll Boutique.
 27062 | Snake:1  | Found a glowing silver altar of Zin.
 27064 | Snake:1  | Bought a scroll of identify for 30 gold pieces
 27138 | Snake:1  | Identified the serpent talisman "Nuroell" {+Blink rCorr
                  | Str+3 Dex-3}
 27138 | Snake:1  | Noticed Aizul
 27140 | Snake:1  | Killed Aizul
 27626 | Snake:1  | Noticed Louise
 27627 | Snake:1  | Reached XP level 17. HP: 110/110 MP: 31/31
 27629 | Snake:1  | Killed Louise
 27965 | Snake:2  | Reached skill level 10 in Stealth
 28868 | Snake:3  | Reached skill level 5 in Invocations
 29325 | Snake:3  | Found a huge runed translucent gate.
 29325 | Snake:3  | Found a huge runed translucent gate.
 29327 | Snake:3  | Found a huge runed translucent gate.
 29328 | Snake:3  | Found a huge runed translucent gate.
 29328 | Snake:3  | Found a huge runed translucent gate.
 29646 | Snake:3  | Reached skill level 11 in Spellcasting
 29707 | Snake:4  | Entered Level 4 of the Snake Pit
 29905 | Snake:4  | Identified the granite talisman "Hipter" {Str+7 Dex-5
                  | Slay-5}
 29905 | Snake:4  | Noticed Roxanne
 29993 | Snake:4  | Killed Roxanne
 30056 | Snake:4  | Reached skill level 10 in Dodging
 30507 | Snake:4  | Reached skill level 12 in Spellcasting
 30769 | Snake:4  | Reached XP level 18. HP: 118/118 MP: 34/34
 31553 | Snake:4  | Got a serpentine rune of Zot
 32673 | Shoals:1 | Entered Level 1 of the Shoals
 33589 | Shoals:2 | Reached skill level 15 in Fighting
 34781 | Shoals:3 | Reached skill level 13 in Spellcasting
 36000 | Shoals:4 | Entered Level 4 of the Shoals
 36223 | Shoals:4 | Reached skill level 14 in Spellcasting
 36307 | Shoals:4 | Found a white marble altar of Elyvilon.
 36600 | Shoals:4 | Reached XP level 19. HP: 125/125 MP: 37/37
 36653 | Shoals:4 | Found a glowing golden altar of the Shining One.
 37054 | Shoals:4 | Reached skill level 15 in Spellcasting
 37101 | Shoals:4 | Found a glowing silver altar of Zin.
 37112 | Shoals:4 | Identified the +0 kite shield of Qerodin {+Blink}
 37230 | Shoals:4 | Got a barnacled rune of Zot
 37239 | Shoals:4 | Found a white marble altar of Elyvilon.
 37425 | Shoals:4 | Found a glowing golden altar of the Shining One.
 37720 | Shoals:4 | Found a glowing silver altar of Zin.
 38024 | Vaults:1 | Entered Level 1 of the Vaults
 38032 | Vaults:1 | Found Uzoihun's Weapon Boutique.
 38123 | Vaults:1 | Found Jaoq Aru's Assorted Antiques.
 38132 | Vaults:1 | Found a magical portal.
 38146 | WizLab   | Entered Tukima's Studio
 38374 | WizLab   | Learned a level 7 spell: Orb of Destruction
 38447 | WizLab   | Noticed a walking crystal tome
 38452 | WizLab   | Killed a walking crystal tome
 39274 | Vaults:1 | Found a portal to a secret trove of treasure.
 39326 | Vaults:1 | You paid a toll of 8 scrolls of fear to enter a treasure
                  | trove
 39327 | Trove    | Entered a treasure trove
 39390 | Trove    | Got the Codex of Graupel and Stolen Souls
 39392 | Trove    | Identified the ring "Goill" {rPois Int+6 Dex+4}
 39397 | Trove    | Identified the +2 buckler "Utoklautad" {Rampage Int+6
                  | Dex+6}
 39414 | Trove    | Identified the +4 battleaxe "Nekyh" {heavy, rF+ Str+4
                  | Int+2}
 39418 | Trove    | Got Sif Muna's Incunable of Calorific Power
 39430 | Trove    | Identified the staff of Maufru {rElec rC+ Dex+3 Air}
 39541 | Vaults:1 | Learned a level 9 spell: Fire Storm
 40129 | Snake:1  | Bought a scroll of revelation for 112 gold pieces
 40278 | Orc:2    | Bought a ring of see invisible for 225 gold pieces
 40284 | Orc:2    | Bought a potion of heal wounds for 140 gold pieces
 40323 | Orc:2    | Bought a potion of haste for 120 gold pieces
 40323 | Orc:2    | Bought a potion of magic for 96 gold pieces
 40323 | Orc:2    | Bought a potion of haste for 120 gold pieces
 40768 | Vaults:2 | Reached XP level 20. HP: 86/130 MP: 13/39
 41289 | Vaults:2 | Reached skill level 16 in Spellcasting
 41593 | Vaults:2 | Found a transporter.
 41610 | Vaults:2 | Found a transporter.
 42160 | Vaults:3 | Reached skill level 15 in Conjurations
 43269 | Vaults:3 | Found Ruteij's General Store.
 43310 | Vaults:3 | Noticed Mennas
 43799 | Vaults:3 | Reached XP level 21. HP: 135/135 MP: 41/41
 43938 | Vaults:3 | Found a staircase to the Crypt.
 44056 | Vaults:3 | Killed Mennas
 44291 | Vaults:3 | Identified the +3 rapier of Umakox {protect, rCorr}
 44294 | Vaults:3 | Identified the +6 whip "Qankonyo" {freeze, Fly rElec rN+}
 44687 | Vaults:3 | Found Ruteij's General Store.
 44857 | Vaults:3 | Found a staircase to the Crypt.
 45611 | Elf:1    | Entered Level 1 of the Elven Halls
 45611 | Elf:1    | Found a runed translucent gate.
 45611 | Elf:1    | Found a runed translucent gate.
 45611 | Elf:1    | Found a runed translucent gate.
 45611 | Elf:1    | Found a runed translucent gate.
 45611 | Elf:1    | Found a runed translucent gate.
 45611 | Elf:1    | Found a runed translucent gate.
 45612 | Elf:1    | Found a runed translucent door.
 45615 | Elf:1    | Found a runed translucent door.
 45624 | Elf:1    | Identified the ring "Cim Jot" {rN+ rCorr SInv}
 45735 | Elf:1    | Paralysed by an air elemental for 1 turns
 46315 | Elf:1    | Learned a level 6 spell: Bombard
 46365 | Elf:1    | Reached skill level 1 in Earth Magic
 46900 | Elf:1    | Found a radiant altar of Vehumet.
 47203 | Elf:2    | Reached skill level 5 in Earth Magic
 47448 | Elf:2    | Noticed Agnes
 47450 | Elf:2    | Killed Agnes
 47792 | Elf:2    | Found a runed translucent gate.
 47793 | Elf:2    | Found a runed translucent gate.
 47793 | Elf:2    | Found a runed translucent gate.
 47963 | Elf:2    | Noticed Donald
 47968 | Elf:2    | Noticed Zenata
 47971 | Elf:2    | Killed Donald
 47972 | Elf:2    | Killed Zenata
 48112 | Elf:2    | Reached skill level 17 in Spellcasting
 48384 | Elf:2    | Reached XP level 22. HP: 141/141 MP: 43/43
 48802 | Elf:3    | Entered Level 3 of the Elven Halls
 49439 | Elf:3    | Noticed Bai Suzhen
 49447 | Elf:3    | Killed Bai Suzhen
 50323 | Elf:3    | Paralysed by an air elemental for 1 turns
 50583 | Elf:3    | Identified the amulet of Elyvilon's Scorn {RegenMP rPois
                  | rC++ Regen+ Int-5}
 51101 | Elf:3    | Identified the +5 longbow of Zin, Thieving {speed, +Blink
                  | rPois}
 51142 | Elf:3    | Identified the +5 giant club "Conecib" {freeze, *Noise rC++
                  | Str+6}
 51173 | Elf:3    | Identified the +3 flail of Plague {flame, rElec rF+++ Int+2
                  | Stlth-}
 51177 | Elf:3    | Identified the staff of Ozesch {rElec rN+ Int+2 Necro}
 53119 | Vaults:5 | Entered Level 5 of the Vaults
 53121 | Vaults:5 | Reached XP level 23. HP: 148/148 MP: 44/44
 53894 | Vaults:5 | Identified the amulet "Wewaxt" {Faith MP+9 Int+5}
 54534 | Vaults:5 | Identified the ring "Pabrel" {Fly rCorr Slay+2}
 54786 | Vaults:5 | Got a silver rune of Zot
 54855 | Vaults:5 | Identified the +0 broad axe of Experimentation {antimagic,
                  | Str+2 Dex+4}
 54947 | Vaults:5 | Got Bahuteab's Secrets of Stolen Souls and the Atmosphere
 55092 | Vaults:5 | Found the +3 Elemental Staff {ele, rElec rF+ rC+ AC+3}
 55097 | Vaults:5 | Got the Atlas of Morbid Hexes
 55700 | Depths:1 | Entered Level 1 of the Depths
 55788 | D:15     | Reached skill level 18 in Spellcasting
 55857 | Depths:1 | Noticed Nikola
 55938 | Depths:1 | Noticed Jory
 55947 | Depths:1 | Killed Nikola
 56667 | Depths:1 | Killed Jory
 56696 | Depths:1 | Reached XP level 24. HP: 153/153 MP: 13/45
 57153 | Depths:1 | Found a gateway to Hell.
 57261 | Depths:1 | You fall into a shaft and drop 1 floor!
 57274 | Depths:2 | Found a one-way gate leading to the halls of Pandemonium.
 57341 | Depths:2 | Found a flickering gateway to a bazaar.
 57353 | Bazaar   | Entered a bazaar
 57353 | Bazaar   | Found Betal's Distillery.
 57353 | Bazaar   | Found Orchaist's Antique Weapon Emporium.
 57385 | Bazaar   | Found Kiofodd's General Store.
 57393 | Bazaar   | Found Pokemal's Book Boutique.
 57404 | Bazaar   | Found Xurghu's Antique Armour Emporium.
 57473 | Bazaar   | Bought a potion of heal wounds for 70 gold pieces
 57473 | Bazaar   | Bought a potion of mutation for 112 gold pieces
 57473 | Bazaar   | Bought a potion of brilliance for 56 gold pieces
 57495 | Bazaar   | Bought a potion of invisibility for 96 gold pieces
 57495 | Bazaar   | Bought a potion of brilliance for 48 gold pieces
 57503 | Bazaar   | Bought a manual of Shields for 960 gold pieces
 57667 | Depths:1 | Found a broken altar of Ashenzari.
 57964 | Vaults:3 | Bought a scroll of acquirement for 988 gold pieces
 57965 | Vaults:3 | Acquired 748 gold pieces
 58263 | Orc:2    | Bought a phantom mirror for 1120 gold pieces
 58555 | Crypt:1  | Entered Level 1 of the Crypt
 59647 | Crypt:2  | Found an ancient bone altar of Kikubaaqudgha.
 60325 | Crypt:3  | Entered Level 3 of the Crypt
 60525 | Crypt:3  | Found a basalt altar of Yredelemnul.
 60690 | Crypt:3  | Identified the beast talisman of the Baku {rElec rC- rCorr
                  | Int-5}
 61134 | Crypt:3  | Found a staircase to the Tomb.
 61134 | Crypt:3  | Identified the +1 broad axe of Classification {venom, Fly
                  | rF+}
 61134 | Crypt:3  | Identified the +1 shortbow of Gozag's Righteous Fury
                  | {freeze, rF+ rN+ Int-4 Dex+4}
 62096 | Depths:2 | Reached skill level 19 in Spellcasting
 62167 | Depths:2 | Acquired the ring "Fiusaur" {^Drain Will+ EV+5 Dex+3}
 62311 | Depths:2 | Reached XP level 25. HP: 159/159 MP: 42/46
 62741 | Depths:2 | Learned a level 8 spell: Lehudib's Crystal Spear
 62807 | Depths:2 | Acquired 624 gold pieces
 63464 | Depths:3 | Noticed Grunn
 63469 | Depths:3 | Killed Grunn
 63602 | Depths:3 | Identified the +0 buckler "Iriud" {rElec rN++}
 63900 | Depths:3 | Reached skill level 15 in Dodging
 64157 | Depths:3 | Noticed Xtahua
 64161 | Depths:3 | Killed Xtahua
 64623 | Depths:3 | Identified the ring "Govaoloa" {Ice rElec Will+++ Str+3
                  | Dex-5}
 64623 | Depths:3 | Noticed Josephina
 64628 | Depths:3 | Killed Josephina
 65397 | Depths:3 | Noticed a juggernaut
 65400 | Depths:3 | Killed a juggernaut
 65485 | Depths:3 | Noticed the Enchantress
 65486 | Depths:3 | Killed the Enchantress
 65924 | Depths:4 | Entered Level 4 of the Depths
 65926 | Depths:4 | Reached XP level 26. HP: 165/165 MP: 46/46
 65929 | Depths:4 | Reached skill level 20 in Spellcasting
 66057 | Depths:4 | Reached skill level 10 in Earth Magic
 66276 | Depths:4 | Found an opulent altar of Gozag.
 66330 | Depths:4 | Found a one-way gateway to a ziggurat.
 66842 | Depths:4 | Found a gate to the Realm of Zot.
 67105 | Zot:1    | Entered Level 1 of the Realm of Zot
 67159 | Zot:1    | Noticed Kinwaexu's ghost (veteran OnBe)
 67168 | Zot:1    | Found a runed translucent gate.
 67168 | Zot:1    | Found a runed translucent gate.
 67176 | Zot:1    | Noticed an orb of fire
 67188 | Zot:1    | Killed an orb of fire
 67273 | Zot:1    | Found a runed translucent gate.
 68264 | Zot:1    | Identified the amulet of Fyef {Rampage Regen+ Str+3 Int-5
                  | Dex+5}
 68303 | Zot:1    | Killed Kinwaexu's ghost
 68366 | Zot:2    | Reached skill level 21 in Spellcasting
 69075 | Zot:2    | Reached XP level 27. HP: 172/172 MP: 48/48
 69181 | Zot:2    | Got the Information on the Posthumous Valley
 69312 | Zot:2    | Reached skill level 22 in Spellcasting
 70142 | Zot:3    | Noticed Vv
 70147 | Zot:3    | Killed Vv
 70363 | Zot:3    | Noticed an orb of fire
 70371 | Zot:3    | Killed an orb of fire
 70481 | Zot:3    | Reached skill level 23 in Spellcasting
 71367 | Zot:4    | Found a transporter.
 71369 | Zot:4    | Found a transporter.
 71375 | Zot:4    | Found a transporter.
 71375 | Zot:4    | Found a transporter.
 71491 | Zot:4    | Found a transporter.
 71655 | Zot:4    | Found a transporter.
 72297 | Zot:5    | Entered Level 5 of the Realm of Zot
 72320 | Zot:5    | Reached skill level 24 in Spellcasting
 73249 | Zot:5    | Noticed an orb of fire
 73254 | Zot:5    | Killed an orb of fire
 73484 | Zot:5    | Noticed an orb of fire
 73498 | Zot:5    | Killed an orb of fire
 73628 | Zot:5    | Noticed an ancient lich
 73630 | Zot:5    | Killed an ancient lich
 73631 | Zot:5    | Reached skill level 25 in Spellcasting
 73641 | Zot:5    | Noticed an orb of fire
 73645 | Zot:5    | Killed an orb of fire
 73649 | Zot:5    | Noticed an orb of fire
 73664 | Zot:5    | Killed an orb of fire
 73800 | Zot:5    | Noticed an orb of fire
 73811 | Zot:5    | Killed an orb of fire
 73984 | Zot:5    | Noticed a dread lich
 73987 | Zot:5    | Killed a dread lich
 73998 | Zot:5    | Noticed an orb of fire
 74000 | Zot:5    | Gained mutation: You possess an exceptional clarity of
                  | mind. [an orb of fire]
 74002 | Zot:5    | Noticed a dread lich
 74042 | Zot:5    | Killed an orb of fire
 74052 | Zot:5    | Upgraded the game from 0.32-a0-540-g866d13106e to
                  | 0.32-a0-558-g233958a4c4
 74052 | Zot:5    | Upgraded the game from 0.32-a0-558-g233958a4c4 to
                  | 0.32-a0-560-g4c7f4391e0
 74128 | Zot:5    | Killed a dread lich
 74275 | Zot:5    | Reached skill level 26 in Spellcasting
 74365 | Zot:5    | Noticed an ancient lich
 74366 | Zot:5    | Noticed an orb of fire
 74374 | Zot:5    | Killed an ancient lich
 74378 | Zot:5    | Killed an orb of fire
 74397 | Zot:5    | Noticed an orb of fire
 74400 | Zot:5    | Killed an orb of fire
 74524 | Zot:5    | Noticed a dread lich
 74526 | Zot:5    | Killed a dread lich
 75218 | Vaults:3 | Bought a +6 ring of intelligence for 684 gold pieces
 75821 | Zot:5    | Got the Orb of Zot
 75902 | Zot:2    | Noticed Gawat the pandemonium lord
 75907 | Zot:2    | Killed Gawat the pandemonium lord
 75946 | Zot:2    | Noticed Dian the pandemonium lord
 76308 | D:11     | Killed heskitgel's ghost
 76470 | D:6      | Reached skill level 27 in Spellcasting
 76579 | D:$      | Escaped with the Orb!

Illustrated notes

Levels and vault maps discovered:
D:1:      minmay_arrival_solitary_statue, layout_rooms, serial_shops, shop
D:2:      minmay_door_path, layout_rooms,
          shapermc_ecumenical_altar_mp_urbaneastern, minmay_quantized
D:3:      layout_basic, mainiacjoe_overflow_chevrons, serial_forest,
          infiniplex_forest_end_2, infiniplex_forest_lined_room_2,
          infiniplex_forest_pool, infiniplex_forest_clump_C,
          infiniplex_forest_split, infiniplex_forest_lined_4_way,
          infiniplex_forest_zigzag_2, infiniplex_forest_lined_room_2,
          serial_shops, shop, nicolae_shop_stone, shop, shop_coins, shop,
          chequers_avenue, palyth_stone_intersect
D:4:      layout_basic, sigmund_army
D:5:      layout_loops_cross, jmf_multi_god_temple,
          minmay_temple_entry_antechambers, serial_shops,
          nicolae_book_shop_shelving
D:6:      layout_cave_pods, ebering_ghost_disaster_area
D:7:      black_bear_nest_1, layout_basic, kennysheep_generic_room_13
D:8:      layout_loops_ring, lemuel_mausoleum_altar_kikubaaqudgha,
          mainiacjoe_overflow_two_lobes, erik_lair_island, serial_ice,
          serial_ice_m, serial_ice_i, serial_ice_b, serial_ice_g,
          minmay_fountain_box, uniq_joseph, uniq_erica
D:9:      layout_loops_ring, xom_butterflies, enter_bailey_4, serial_shops, shop
D:10:     nzn_winding_woodlands_medium [nzn_winding_woodlands_5x5_three,
          nzn_winding_woodlands_5x15_lazy_stream,
          nzn_winding_woodlands_5x5_default, nzn_winding_woodlands_hourglass,
          nzn_winding_woodlands_center_triple_pond,
          nzn_winding_woodlands_5x5_cross,
          nzn_winding_woodlands_5x5_closed_star,
          nzn_winding_woodlands_5x15_concentric,
          nzn_winding_woodlands_5x5_default], layout_loops_ring, david_orc_3,
          amcnicky_mini_rare_corridor_liquid
D:11:     layout_long_grid, ploomutoo_gammafunk_ghost_potion_laboratory,
          lightli_orcish_oven
D:12:     layout_big_octagon, portal_ice_cave_demonic_guard
D:13:     layout_basic, grunt_vaults_entry_fortified
D:14:     layout_layer_cave, serial_library_hellmonk_u_bend
D:15:     hangedman_depths_entry_try_elsewhere_first, layout_basic,
          xom_shifter_show, nicolae_wooded_promenade
Temple:   eino_wide_crystal_templ
Lair:1:   lemuel_slime, layout_cave_shapes, gammafunk_lair_bear_cave,
          grunt_megastairs_2, serial_bayou_shore_a
Lair:2:   layout_regular_city, minmay_snake_entry_six_corridors,
          hangedman_tree_tricks
Lair:3:   layout_chaotic_city, shoals_dummy_entry, uniq_rupert
Lair:4:   layout_cave_pods, grunt_megastairs_5, lemuel_fruit_tree
Lair:5:   hellmonk_lair_end_abyssal_woods, layout_hall_layers,
          nicolae_slime_entry_field_trip, gauntlet_entry_generic,
          cheibrodos_lair_lostbears
Shoals:1: layout_shoals
Shoals:2: layout_shoals
Shoals:3: layout_shoals, hangedman_shoals_cup_caves
Shoals:4: shoals_end_hellmonk_holy_island
Snake:1:  layout_misc_corridors, serial_shops, shop, basic_altar,
          nicolae_snake_springs, uniq_aizul, uniq_louise
Snake:2:  layout_misc_corridors, serial_library, serial_library_hellmonk_room_a,
          serial_library_hellmonk_secret_room, serial_library_hellmonk_room_c,
          serial_library_hellmonk_u_bend, serial_bayou_crossing
Snake:3:  layout_cave_pods, hangedman_venom_bottle
Snake:4:  minmay_snake_end_coiled, layout_layer_cave, uniq_roxanne
Orc:1:    layout_caves
Orc:2:    st_orc_open, layout_caves, serial_shops, nicolae_square_shop,
          nicolae_orc_stony_grotto, minmay_orc_temple_a
Elf:1:    nicolae_elf_arrival_dilemma, layout_loops_cross, special_room
          [special_room_orc], guppyfry_elf_altar
Elf:2:    nicolae_elf_blades_crystal_corner, layout_onion_city, drop_trap,
          uniq_agnes, uniq_donald, uniq_zenata
Elf:3:    minmay_elf_hall_four_x, layout_geoelf_castle, uniq_bai_suzhen
Vaults:1: infiniplex_enter_wizlab_glasses, nicolae_vaults_trapezoid_lopsided_3,
          nicolae_vaults_wine_cellar, vaults_mumra_hex,
          nicolae_vaults_trapezoid_1, nicolae_vaults_trapezoid_lopsided_4,
          nicolae_vaults_trapezoid_layered, v_misc_26, vaults_room_pool,
          ontoclasm_vaults_twist, nicolae_vaults_diagonal_hallway_8,
          dpeg_vaults_monster_box, nicolae_vaults_taking_the_gang_shopping,
          hangedman_vaults_restitches, nicolae_vaults_murder_corner,
          layout_vaults_omnicross, serial_shops, shop,
          nicolae_trove_entry_crossroad
Vaults:2: v_misc_18, nicolae_vaults_mini_display_case,
          nicolae_vaults_network_square, v_rooms_1, hangedman_vaults_variations,
          vaults_dpeg_diagonal, grunt_vaults_funnel, nicolae_vaults_trapezoid_3,
          vaults_dpeg_emergency_exit, ontoclasm_vaults_ring_small,
          gammafunk_sealed_arena, ontoclasm_vaults_tryst,
          nicolae_vaults_tetromino_Z_1, layout_vaults_maze_bifur
Vaults:3: ontoclasm_vaults_loading_screen, vaults_standard_mumra_x,
          nicolae_vaults_storage_closets_1, hangedman_vaults_hat,
          nicolae_vaults_specimen_jars, v_misc_16,
          nicolae_vaults_storing_the_good_stuff,
          nicolae_vaults_network_periphery, nicolae_vaults_rhombus_6,
          nicolae_vaults_trapezoid_layered, vaults_room_door_hall,
          layout_vaults_big_room, dummy_crypt_entry, serial_shops, shop,
          uniq_mennas
Vaults:4: v_pattern_2, vaults_room_octagon, ontoclasm_vaults_gateway, v_misc_8,
          vaults_room_hallway, v_alt_pattern_6, vaults_dpeg_ring,
          nicolae_vaults_octothorpe, nicolae_vaults_angled_halls,
          layout_vaults_omnigrid
Vaults:5
Crypt:1:  layout_misc_corridors, feat_on_display
Crypt:2:  layout_misc_corridors, basic_altar, nicolae_crypt_cryptocurrency
Crypt:3:  grunt_crypt_end_deaths_head
Depths:1: layout_cave_shapes, evilmike_ruin_ashenzari, grunt_metal_band,
          special_room [special_room_magic_class], abyss_entry,
          lightli_fourway_metalbox, uniq_nikola
Depths:2: minmay_four_inscribed_fans, layout_small_grid,
          grunt_hell_entry_dis_mu, serial_shops, bzr_firewalk,
          serial_library_hellmonk_angled_corner, pan_entry
Depths:3: gammafunk_depths_water_palace, layout_basic,
          serial_sigils_hangedman_scar, nicolae_abyss_entry_one_way_or_another,
          hell_entry, st_stairs_1, minmay_staircase_statues, uniq_grunn,
          uniq_josephina, uniq_xtahua
Depths:4: evilmike_zot_entry_diamond, layout_gridville, enter_ziggurat_f,
          minmay_stone_trees_small, hell_entry, nicolae_sextant,
          grunt_gozag_statues
Zot:1:    layout_misc_corridors, gammafunk_ghost_split
Zot:2:    grunt_twist_and_shout, layout_onion, regret_index_zotdec_plus
Zot:3:    layout_onion, skrybe_zot_glass_2, regret_index_zotdec_wing_it,
          grunt_megastairs_4, uniq_vv
Zot:4:    layout_gridlike, serial_nicolae_subway, nicolae_sub_station_crystal,
          nicolae_sub_station_metal, nicolae_sub_station_stone
Zot:5:    layout_gridlike

Skill      XL: |  1  2  3  4  5  6  7  8  9 10 11 12 13 14 15 16 17 18 19 20 21 22 23 24 25 26 27 |
---------------+----------------------------------------------------------------------------------+-----
Stealth        | 3 4 6 7 9 10 | 10.0
Conjurations   | 2 3 5 8 10 13 17 18 20 21 22 | 22.0
Short Blades   | 1 2 4 5 8 |  8.0
Fighting       | 1 2 3 4 5 6 7 8 11 13 14 15 16 17 | 17.0
Air Magic      | 2 3 7 |  7.0
Alchemy        | 4 6 |  6.0
Spellcasting   | 3 5 7 8 10 12 14 15 16 17 18 19 21 27 | 27.0
Evocations     | 2 3 5 6 |  6.0
Fire Magic     | 4 7 8 9 11 12 13 14 18 19 20 21 22 | 22.0
Dodging        | 3 4 5 7 8 10 11 12 14 15 17 | 17.0
Translocations | 1 2 |  2.0
Shields        | 5 6 7 |  7.0
Invocations    | 4 6 |  6.0
Earth Magic    | 6 7 9 10 | 10.0

Action                     |  1- 3 |  4- 6 |  7- 9 | 10-12 | 13-15 | 16-18 | 19-21 | 22-24 | 25-27 || total
---------------------------+-------+-------+-------+-------+-------+-------+-------+-------+-------++-------
  Melee: Unarmed           |     6 |       |       |       |       |       |       |       |       ||     6
         Constrict         |    10 |    18 |    17 |    20 |    21 |    17 |     9 |       |     2 ||   114
         Tentacles         |     7 |    12 |    12 |    30 |    34 |    12 |    16 |     7 |     6 ||   136
         Dagger            |    40 |    53 |    36 |       |       |       |       |       |       ||   129
         Short sword       |       |       |    20 |    97 |   114 |    28 |    40 |    18 |       ||   317
         Staff             |       |       |       |       |       |       |       |     1 |     8 ||     9
  Throw: Dart              |       |       |       |       |     1 |       |       |       |       ||     1
   Cast: Sting             |    28 |    64 |    60 |     1 |       |       |       |       |       ||   153
         Mephitic Cloud    |       |     5 |     7 |    15 |     9 |     1 |       |       |       ||    37
         Olgreb's Toxic Ra |       |       |    44 |    51 |    62 |       |     3 |       |       ||   160
         Sticky Flame      |       |       |     7 |       |       |       |       |       |       ||     7
         Fireball          |       |       |       |   106 |   199 |    43 |     7 |       |       ||   355
         Plasma Beam       |       |       |       |       |   105 |   392 |   334 |   490 |   565 ||  1886
         Ignition          |       |       |       |       |       |    21 |    67 |    47 |    27 ||   162
         Orb of Destructio |       |       |       |       |       |       |    15 |     4 |    43 ||    62
         Bombard           |       |       |       |       |       |       |    30 |    27 |    10 ||    67
         Fire Storm        |       |       |       |       |       |       |       |     3 |    26 ||    29
         Lehudib's Crystal |       |       |       |       |       |       |       |       |    12 ||    12
 Invoke: Ancestor Life: He |       |       |     1 |       |       |       |       |       |       ||     1
         Recall Ancestor   |       |       |       |     2 |     3 |     9 |     2 |     7 |    11 ||    34
  Evoke: Wand              |       |       |       |       |     4 |       |     2 |     1 |     3 ||    10
         Phial of floods   |       |       |       |       |       |       |     1 |       |       ||     1
    Use: Scroll            |       |       |     7 |     7 |     6 |     8 |     6 |     4 |    14 ||    52
         Potion            |       |       |       |       |     3 |       |     9 |       |     4 ||    16
   Stab: Sleeping          |     8 |     3 |     2 |     1 |       |       |       |     1 |       ||    15
         Distracted        |     1 |       |       |       |     3 |       |     1 |       |     1 ||     6
         Confused          |       |     1 |     2 |     9 |     7 |     1 |     1 |       |       ||    21
         Paralysed         |       |       |       |       |     7 |     3 |     6 |       |     2 ||    18
 Armour: Skin              |    21 |    15 |    42 |    34 |    58 |    28 |    88 |    77 |    93 ||   456
  Dodge: Dodged            |    16 |    22 |    36 |    36 |    57 |    26 |    51 |    72 |   108 ||   424
         Repelled          |       |     1 |     1 |     1 |       |       |       |       |       ||     3
  Block: Buckler           |       |       |       |    15 |    46 |    11 |    35 |    35 |    22 ||   164
         Reflection        |       |       |       |     1 |       |       |       |       |       ||     1

Table legend: (Time is in decaauts)
 A = Elapsed time spent in this place.
 B = Non-inter-level travel time spent in this place.
 C = Inter-level travel time spent in this place.
 D = Time resting spent in this place.
 E = Time spent auto-exploring this place.
 F = Levels seen in this place.
 G = Mean time per level.
                   A        B        C        D        E       F      G
               +--------+--------+--------+--------+--------+-----+--------+
         Total |  76552 |  68974 |   7578 |  10265 |  44916 |  57 | 1343.0 |
       Dungeon |  20076 |  16859 |   3217 |   1994 |  11947 |  15 | 1338.4 |
        Temple |     30 |      1 |     29 |      0 |      0 |   1 |   30.0 |
          Lair |   6285 |   5845 |    440 |    399 |   4331 |   5 | 1257.0 |
        Shoals |   4999 |   4793 |    206 |    434 |   3802 |   4 | 1249.8 |
     Snake Pit |   5742 |   5416 |    326 |    425 |   4308 |   4 | 1435.5 |
  Orcish Mines |   2320 |   1886 |    434 |    315 |   1208 |   2 | 1160.0 |
   Elven Halls |   5500 |   5138 |    362 |   1149 |   2790 |   3 | 1833.3 |
        Vaults |  10754 |   9443 |   1311 |   1849 |   5842 |   5 | 2150.8 |
         Crypt |   3354 |   3228 |    126 |    239 |   2476 |   3 | 1118.0 |
        Depths |   6584 |   5978 |    606 |    823 |   3880 |   4 | 1646.0 |
           Zot |   8036 |   7520 |    516 |   1806 |   3662 |   5 | 1607.2 |
        Bazaar |    160 |    160 |      0 |      0 |     67 |   1 |  160.0 |
         Trove |    192 |    192 |      0 |      0 |    136 |   1 |  192.0 |
        Bailey |    930 |    930 |      0 |    354 |    208 |   1 |  930.0 |
      Ice Cave |    619 |    619 |      0 |    172 |    113 |   1 |  619.0 |
        Wizlab |    482 |    482 |      0 |    189 |     11 |   1 |  482.0 |
      Gauntlet |    482 |    482 |      0 |    116 |    135 |   1 |  482.0 |
               +--------+--------+--------+--------+--------+-----+--------+

Top non-repeatable levels by time:
Vaults:3: 2774 daAuts
Depths:3: 2631 daAuts
   Elf:3: 2573 daAuts
 Snake:4: 2560 daAuts
   Zot:5: 2559 daAuts
Vaults:2: 2451 daAuts
     D:8: 2141 daAuts
Vaults:4: 2082 daAuts
Shoals:3: 1938 daAuts
Vaults:5: 1923 daAuts
    D:15: 1794 daAuts
Depths:2: 1784 daAuts
   Orc:2: 1782 daAuts
    D:10: 1710 daAuts
   Zot:1: 1683 daAuts
